 Dungeon Crawl Stone Soup version 0.29-a0-977-g7483850d73 (console) character file.

Game seed: 3341202774594113933

2864 Ignak the Thaumaturge (level 9, -26/66 HPs)
             Began as a Gnoll Hedge Wizard on July 29, 2022.
             Was a Priest of Sif Muna.
             Annihilated by a white ugly thing (30 damage)
             ... on level 10 of the Dungeon on Aug 1, 2022.
             The game lasted 00:31:34 (9766 turns).

Ignak the Thaumaturge (Gnoll Hedge Wizard)          Turns: 9766, Time: 00:31:35

Health: -26/66     AC:  9    Str:  2    XL:     9   Next: 75%
Magic:  27/30      EV: 15    Int: 18    God:    Sif Muna [***...]
Gold:   68         SH:  0    Dex: 17    Spells: 7/25 levels left

rFire   . . .      SeeInvis .   x - +9 hand axe {flame, rPois rN+ Str-5 Dex+5}
rCold   . . .      Faith    .   (no shield)
rNeg    + . .      Spirit   .   f - +0 steam dragon scales
rPois   +          Reflect  .   c - +0 hat
rElec   .          Harm     .   (no cloak)
rCorr   .          Rampage  .   e - +2 pair of gloves
Will    +....                   (no boots)
Stlth   +++.......              (no amulet)
HPRegen 0.21/turn               s - ring of wizardry
MPRegen 0.22/turn               k - ring of magical power

@: no status effects
A: fangs 1, strong nose, distributed training, strong-willed 1, weak 1
a: Renounce Religion, Channel Magic, Forget Spell


You were on level 10 of the Dungeon.
You worshipped Sif Muna.
Sif Muna was most pleased with you.
You visited 2 branches of the dungeon, and saw 9 of its levels.

You collected 398 gold pieces.
You spent 330 gold pieces at shops.

Inventory:

Hand Weapons
 a - a +1 vorpal spear
 b - a +1 vampiric dagger
 x - the +9 hand axe of Trog's Envy (weapon) {flame, rPois rN+ Str-5 Dex+5}
   (You found it on level 6 of the Dungeon)

   It burns those it strikes, dealing additional fire damage.
   Big, fiery blades are also staple armaments of hydra-hunters.
   Str:       It affects your strength (-5).
   Dex:       It affects your dexterity (+5).
   rPois:     It protects you from poison.
   rN:        It protects you from negative energy.
Missiles
 l - 13 poisoned darts (quivered)
Armour
 c - a +0 hat (worn)
 e - a +2 pair of gloves (worn)
 f - +0 steam dragon scales (worn)
 w - a +1 robe of cold resistance
Magical Staves
 u - a staff of air
Jewellery
 g - a ring of poison resistance
 k - a ring of magical power (right hand)
 s - a ring of wizardry (left hand)
Scrolls
 h - a scroll of magic mapping
 i - a scroll of fear
 n - a scroll of acquirement {unknown}
 o - a scroll of blinking
 p - 2 scrolls of poison
 t - a scroll of enchant weapon {unknown}
Potions
 d - 3 potions of flight
 j - 2 potions of heal wounds
 m - 3 potions of curing
 q - a potion of haste {unknown}
 r - a potion of degeneration {unknown}


   Skills:
 + Level 4.7 Fighting
 + Level 4.7 Short Blades
 + Level 4.7 Long Blades
 + Level 4.7 Axes
 + Level 4.7 Maces & Flails
 + Level 4.7 Polearms
 + Level 4.7 Staves
 + Level 4.7 Ranged Weapons
 + Level 4.7 Throwing
 + Level 4.7 Armour
 + Level 6.6 Dodging
 + Level 6.4 Stealth
 + Level 4.7 Shields
 + Level 4.7 Unarmed Combat
 + Level 8.7 Spellcasting
 + Level 4.5 Conjurations
 + Level 3.9 Hexes
 + Level 4.5 Summonings
 + Level 3.9 Necromancy
 + Level 4.5 Translocations
 + Level 3.9 Transmutations
 + Level 3.9 Fire Magic
 + Level 3.9 Ice Magic
 + Level 3.9 Air Magic
 + Level 3.9 Earth Magic
 + Level 3.9 Poison Magic
 + Level 5.2 Invocations
 + Level 4.7 Evocations


You had 7 spell levels left.
You knew the following spells:

 Your Spells              Type           Power      Damage    Failure   Level
b - Blink                 Tloc           48%        N/A       1%          2
c - Ensorcelled Hibernat  Hex/Ice        44%        N/A       1%          2
d - Mephitic Cloud        Conj/Pois/Air  22%        N/A       1%          3
e - Call Imp              Summ           24%        N/A       1%          2
h - Swiftness             Air            22%        N/A       2%          3
r - Frozen Ramparts       Ice            44%        1d6       2%          3
t - Passwall              Tmut/Erth      18%        N/A       1%          2
z - Beastly Appendage     Tmut           44%        N/A       1%          1

Your spell library contained the following spells:

 Spells                   Type           Power      Damage    Failure   Level
 Freeze                   Ice            88%        1d10      1%          1
 Magic Dart               Conj           96%        1d7       1%          1
 Slow                     Hex            88%        N/A       1%          1
 Wereblood                Tmut           22%        N/A       1%          2
 Call Canine Familiar     Summ           24%        N/A       1%          3
 Conjure Flame            Conj/Fire      23%        6-21      1%          3
 Dazzling Flash           Conj/Hex       46%        N/A       1%          3
 Portal Projectile        Hex/Tloc       46%        N/A       1%          3
 Ozocubu's Armour         Ice            22%        N/A       2%          3
 Spider Form              Tmut/Pois      22%        N/A       2%          3
 Hailstorm                Conj/Ice       23%        3d7       6%          4
 Passage of Golubria      Tloc           24%        N/A       6%          4
 Leda's Liquefaction      Hex/Erth       11%        N/A       8%          4
 Agony                    Necr           22%        N/A       21%         5
 Metabolic Englaciation   Hex/Ice        11%        N/A       21%         5
 Silence                  Hex/Air        11%        N/A       21%         5
 Simulacrum               Ice/Necr       11%        N/A       69%         6
 Lehudib's Crystal Spear  Conj/Erth      11%        10d4      100%        8


Dungeon Overview and Level Annotations

Branches:
Dungeon (10/15)            Temple (1/1) D:6
   Lair: D:8-11         Orc: D:9-12

Altars:
Cheibriados
Elyvilon
Gozag
Okawaru
Ru
Sif Muna
Trog
Uskayaw
Vehumet
Yredelemnul

Shops:
D:7 =

Annotations:
D:7 2 transporters, lis82's ghost, novice DgAE


Innate Abilities, Weirdness & Mutations

You have very sharp teeth.
Your uncanny sense of smell can sniff out nearby items.
Your experience applies equally to all skills.
You are strong-willed. (Will+)
You are weak. (Str -2)


Message History

The killer bee poisons the kobold!
Unknown command.
Casting: Mephitic Cloud (safe; 1% risk of failure)
Confirm with . or Enter, or press ? or * to list all spells.
A beastly little devil appears in a puff of flame.
The killer bee barely misses you. The killer bee stings your crimson imp.
The killer bee stings you. The white ugly thing stings you.
The white ugly thing freezes you!
Unknown command.
You slash the killer bee! You burn the killer bee.
You kill the killer bee!
Sif Muna accepts your kill.
You can now freely open your mind to new spells.
You hit the killer bee. You burn the killer bee.
You hit the white ugly thing but do no damage.
The killer bee closely misses you.
The kobold throws a stone.
The stone closely misses you.
Your crimson imp hits the killer bee but does no damage.
The white ugly thing misses you.
The killer bee is engulfed in noxious fumes.
The killer bee appears confused.
You slash the white ugly thing! You burn the white ugly thing.
The white ugly thing is lightly wounded.
You strike the helpless killer bee from behind!
You hit the killer bee but do no damage.
The kobold dies!
The killer bee closely misses you.
A kobold comes into view. It is wielding a +0 short sword.
The killer bee barely misses you.
Your crimson imp barely misses the killer bee.
The white ugly thing stings you. The white ugly thing freezes you!!
* * * LOW HITPOINT WARNING * * *
You slash the white ugly thing! You burn the white ugly thing.
You bite the white ugly thing, but do no damage.
The white ugly thing is moderately wounded.
You closely miss the killer bee.
The kobold throws a stone.
The stone hits you but does no damage. The white ugly thing stings you.
* * * LOW HITPOINT WARNING * * *
The white ugly thing freezes you!!
You die...

. ## .# . ###..
.. .###.#.. ...
#.....#
.#...#......# ∆
#.#.#K#.....#..
#.#.#K#......#
##.#.#†#u....#
#...#.5@#.###.#
#...#.†y##..
#...#...# ....
#.#.#.#.# ..."#
#.#.#.#.# .....
#.#.#.#.# ...#
#...#... ###.
#.>.#...
#...#..


You could see a white ugly thing, a killer bee (confused, ally target), 2
kobolds and a friendly crimson imp (summoned).

Vanquished Creatures
  Pikel (D:7)
  A steam dragon (D:5)
  4 black bears
  2 lemures (D:7)
  2 kobold brigands
  A necrophage (D:4)
  3 bullfrogs (D:7)
  2 scorpions (D:6)
  3 wights (D:7)
  2 killer bees (D:10)
  A howler monkey (D:4)
  2 hounds
  3 gnoll boudas
  4 jellies
  An orc priest (D:5)
  An iguana (D:5)
  6 orc wizards
  6 adders
  21 gnolls
  2 ufetubi
  A worm (D:5)
  2 dart slugs
  17 orcs
  2 bats (D:1)
  5 endoplasms
  A giant cockroach (D:4)
  10 goblins
  7 hobgoblins
  4 jackals
  5 quokkas
  6 ball pythons
  3 frilled lizards
  9 kobolds
  2 rats (D:3)
142 creatures vanquished.

Vanquished Creatures (collateral kills)
  A water moccasin (D:5)
  An orc priest (D:4)
  An iguana (D:5)
  7 gnolls (D:4)
  3 adders
  A white imp (D:3)
  2 worms
  7 orcs
  3 bats
  3 jackals (D:2)
  A quokka (D:1)
  3 ball pythons
  6 kobolds
  A rat (D:2)
40 creatures vanquished.

Vanquished Creatures (others)
  A kobold (D:10)
  4 plants (D:3)
5 creatures vanquished.

Grand Total: 187 creatures vanquished

Notes
Turn   | Place    | Note
-------+----------+-------------------------------------------
     0 | D:1      | Ignak the Gnoll Hedge Wizard began the quest for the Orb.
     0 | D:1      | Reached XP level 1. HP: 13/13 MP: 8/8
   168 | D:1      | Reached XP level 2. HP: 19/19 MP: 10/10
   246 | D:1      | Found a faded altar of an unknown god.
   283 | D:1      | Learned a level 2 spell: Blink
   298 | D:1      | Learned a level 2 spell: Call Imp
   635 | D:1      | Upgraded the game from 0.29-a0-925-g0a7a3d12f8 to
                  | 0.29-a0-977-g7483850d73
   893 | D:1      | Reached XP level 3. HP: 20/25 MP: 5/11
   898 | D:1      | Learned a level 3 spell: Mephitic Cloud
  1141 | D:1      | Reached skill level 1 in Invocations
  1376 | D:1      | Learned a level 2 spell: Ensorcelled Hibernation
  1379 | D:1      | Learned a level 2 spell: Passwall
  1383 | D:1      | Learned a level 3 spell: Swiftness
  1683 | D:2      | Reached skill level 1 in Fighting
  1683 | D:2      | Reached skill level 1 in Short Blades
  1683 | D:2      | Reached skill level 1 in Long Blades
  1683 | D:2      | Reached skill level 1 in Axes
  1683 | D:2      | Reached skill level 1 in Maces & Flails
  1683 | D:2      | Reached skill level 1 in Polearms
  1683 | D:2      | Reached skill level 1 in Staves
  1683 | D:2      | Reached skill level 1 in Ranged Weapons
  1683 | D:2      | Reached skill level 1 in Throwing
  1683 | D:2      | Reached skill level 1 in Armour
  1683 | D:2      | Reached skill level 1 in Shields
  1683 | D:2      | Reached skill level 1 in Unarmed Combat
  1683 | D:2      | Reached skill level 1 in Evocations
  1791 | D:2      | Reached XP level 4. HP: 21/32 MP: 10/13
  3394 | D:2      | Reached skill level 1 in Hexes
  3394 | D:2      | Reached skill level 1 in Necromancy
  3394 | D:2      | Reached skill level 1 in Transmutations
  3394 | D:2      | Reached skill level 1 in Fire Magic
  3394 | D:2      | Reached skill level 1 in Ice Magic
  3394 | D:2      | Reached skill level 1 in Air Magic
  3394 | D:2      | Reached skill level 1 in Earth Magic
  3394 | D:2      | Reached skill level 1 in Poison Magic
  4196 | D:3      | Reached XP level 5. HP: 17/37 MP: 3/14
  4205 | D:3      | Found a shimmering blue altar of Sif Muna.
  4413 | D:3      | Became a worshipper of Sif Muna the Loreminder
  4669 | D:3      | Found a hide-covered altar of Uskayaw.
  5075 | D:4      | Reached XP level 6. HP: 41/44 MP: 16/16
  5114 | D:4      | Reached skill level 5 in Dodging
  5696 | D:4      | Learned a level 1 spell: Beastly Appendage
  5798 | D:4      | Reached XP level 7. HP: 34/51 MP: 18/18
  5814 | D:4      | Reached * piety under Sif Muna
  5982 | D:4      | Reached skill level 5 in Stealth
  6413 | D:4      | Gained mutation: You occasionally lose the ability to drink
                  | potions when taking damage. [potion of mutation]
  6413 | D:4      | Gained mutation: You have hidden genetic potential. [potion
                  | of mutation]
  6427 | D:5      | Entered Level 5 of the Dungeon
  6527 | D:5      | Noticed a steam dragon
  6550 | D:5      | Killed a steam dragon
  6551 | D:5      | Reached XP level 8. HP: 58/58 MP: 19/19
  6671 | D:5      | Found a white marble altar of Elyvilon.
  6832 | D:5      | Gained mutation: You have large cloven feet. [hidden
                  | potential]
  6837 | D:5      | Lost mutation: You have large cloven feet. [potion of
                  | mutation]
  6837 | D:5      | Lost mutation: You have hidden genetic potential. [potion
                  | of mutation]
  6837 | D:5      | Lost mutation: You occasionally lose the ability to drink
                  | potions when taking damage. [potion of mutation]
  6837 | D:5      | Gained mutation: You are weak. (Str -2) [potion of
                  | mutation]
  6837 | D:5      | Gained mutation: You are strong-willed. (Will+) [potion of
                  | mutation]
  6969 | D:5      | Reached skill level 8 in Spellcasting
  7674 | D:5      | Found a snail-covered altar of Cheibriados.
  7826 | D:5      | Found an opulent altar of Gozag.
  7913 | D:6      | Identified the +9 hand axe of Trog's Envy {flame, rPois rN+
                  | Str-5 Dex+5}
  8044 | D:6      | Reached ** piety under Sif Muna
  8047 | D:6      | Found a basalt altar of Yredelemnul.
  8435 | D:6      | Reached XP level 9. HP: 64/65 MP: 21/21
  8795 | D:6      | Found a staircase to the Ecumenical Temple.
  8810 | Temple   | Entered the Ecumenical Temple
  8821 | D:6      | Learned a level 3 spell: Frozen Ramparts
  9071 | D:6      | Found a radiant altar of Vehumet.
  9300 | D:7      | Found a transporter.
  9305 | D:7      | Found a transporter.
  9315 | D:7      | Noticed a moth of wrath
  9316 | D:7      | Found a bloodstained altar of Trog.
  9316 | D:7      | Noticed lis82's ghost (novice DgAE)
  9369 | D:7      | Noticed Pikel
  9388 | D:7      | Killed Pikel
  9389 | D:7      | Reached skill level 5 in Invocations
  9510 | D:7      | Found Joacan's Jewellery Emporium.
  9515 | D:7      | Bought a ring of wizardry for 330 gold pieces
  9723 | D:7      | Found a sacrificial altar of Ru.
  9748 | D:7      | You fall into a shaft and drop 3 floors!
  9748 | D:10     | Entered Level 10 of the Dungeon
  9759 | D:10     | Noticed a white ugly thing
  9764 | D:10     | Reached *** piety under Sif Muna
  9766 | D:10     | Annihilated by a white ugly thing

Illustrated notes

Levels and vault maps discovered:
D:1:      dpeg_arrival_erosion, layout_basic,
          hellmonk_ecumenical_altar_lost_god, lemuel_old_faithful
D:2:      layout_basic, roderic_serpentine_path, grunt_decor_cap
D:3:      kennysheep_six_static_rooms, layout_basic, kennysheep_orc_sif_temple,
          eat_drink_and_be_merry_uskayaw, chequers_big_river
D:4:      layout_basic
D:5:      layout_rooms, cheibrodos_worm_habitat,
          mainiacjoe_overflow_six_doors_small, mainiacjoe_overflow_alcove_2,
          lemuel_flamethrower_1
D:6:      layout_gridville, lemuel_coloured_pillars_altar, old_standard_altar,
          minmay_temple_entry_offerings
D:7:      layout_rooms, old_standard_altar, serial_shops,
          nicolae_shop_behind_doors, gammafunk_ghost_wrathful_warriors,
          minmay_statues_item, dk_noncrumbling_3, nicolae_shop_i_like_big_books,
          uniq_pikel
D:10:     nicolae_BIG_FREAKIN_CUBE, layout_layer_cave, zin_purify,
          mainiacjoe_overflow_big_doors, uniq_maggie
Temple:   chequers_temple_sunken

Skill      XL: |  1  2  3  4  5  6  7  8  9 |
---------------+----------------------------+-----
Conjurations   | 2 3 4 |  4.5
Summonings     | 2 3 4 |  4.5
Translocations | 2 3 4 |  4.5
Invocations    | 1 2 3 4 5 |  5.2
Fighting       | 1 2 3 4 |  4.7
Short Blades   | 1 2 3 4 |  4.7
Long Blades    | 1 2 3 4 |  4.7
Axes           | 1 2 3 4 |  4.7
Maces & Flails | 1 2 3 4 |  4.7
Polearms       | 1 2 3 4 |  4.7
Staves         | 1 2 3 4 |  4.7
Ranged Weapons | 1 2 3 4 |  4.7
Throwing       | 1 2 3 4 |  4.7
Armour         | 1 2 3 4 |  4.7
Shields        | 1 2 3 4 |  4.7
Unarmed Combat | 1 2 3 4 |  4.7
Evocations     | 1 2 3 4 |  4.7
Hexes          | 1 2 3 |  3.9
Necromancy     | 1 2 3 |  3.9
Transmutations | 1 2 3 |  3.9
Fire Magic     | 1 2 3 |  3.9
Ice Magic      | 1 2 3 |  3.9
Air Magic      | 1 2 3 |  3.9
Earth Magic    | 1 2 3 |  3.9
Poison Magic   | 1 2 3 |  3.9
Dodging        | 5 6 |  6.6
Stealth        | 5 6 |  6.4
Spellcasting   | 8 |  8.7

Action                   |  1- 3 |  4- 6 |  7- 9 || total
-------------------------+-------+-------+-------++-------
Melee: Dagger            |    29 |    28 |   101 ||   158
       Staff             |    54 |    99 |       ||   153
       Bite              |    12 |    15 |    37 ||    64
       Punch             |     3 |     2 |    14 ||    19
       Spear             |       |    17 |    71 ||    88
       Kick              |       |     2 |     6 ||     8
       Headbutt          |       |     1 |     4 ||     5
       Hand axe          |       |       |   119 ||   119
Throw: Dart              |       |       |     2 ||     2
 Cast: Magic Dart        |    17 |     7 |     1 ||    25
       Call Imp          |     1 |    27 |    12 ||    40
       Mephitic Cloud    |     4 |    16 |    31 ||    51
       Blink             |     2 |     4 |     4 ||    10
       Passwall          |       |     2 |       ||     2
       Swiftness         |       |     1 |       ||     1
       Beastly Appendage |       |     3 |     3 ||     6
       Ensorcelled Hiber |       |       |    21 ||    21
       Frozen Ramparts   |       |       |     4 ||     4
  Use: Potion            |     1 |       |     7 ||     8
       Scroll            |       |     4 |     6 ||    10
 Stab: Sleeping          |     3 |     4 |    16 ||    23
       Confused          |       |     3 |    21 ||    24
       Distracted        |       |     1 |     1 ||     2
Armor: Robe              |    27 |    36 |       ||    63
       Ring mail         |       |     6 |    21 ||    27
       Steam dragon scal |       |       |    58 ||    58
Dodge: Dodged            |    81 |   115 |   199 ||   395

Table legend: (Time is in decaauts)
 A = Elapsed time spent in this place.
 B = Non-inter-level travel time spent in this place.
 C = Inter-level travel time spent in this place.
 D = Time resting spent in this place.
 E = Time spent auto-exploring this place.
 F = Levels seen in this place.
 G = Mean time per level.
                   A        B        C        D        E       F      G
               +--------+--------+--------+--------+--------+-----+--------+
         Total |   9807 |   9643 |    164 |   2453 |   4275 |   9 | 1089.7 |
       Dungeon |   9805 |   9641 |    164 |   2453 |   4275 |   8 | 1225.6 |
        Temple |      1 |      1 |      0 |      0 |      0 |   1 |    1.0 |
               +--------+--------+--------+--------+--------+-----+--------+

Top non-repeatable levels by time:
     D:4: 1955 daAuts
     D:2: 1903 daAuts
     D:1: 1611 daAuts
     D:3: 1559 daAuts
     D:6: 1212 daAuts
     D:5: 1006 daAuts
     D:7: 537 daAuts
    D:10: 18 daAuts
  Temple: 1 daAuts
